 Dungeon Crawl Stone Soup version 0.29-a0-977-g7483850d73 (console) character file.

Game seed: 14451635068116519183

293544 Mandevil the Devastator (level 19, -11/160 HPs)
             Began as a Demigod Fire Elementalist on Aug 1, 2022.
             Mangled by a +2 vampiric battleaxe (19 damage)
             ... on level 2 of the Elven Halls.
             The game lasted 04:45:36 (58910 turns).

Mandevil the Devastator (DgFE)                     Turns: 58910, Time: 04:45:36

Health: -11/160    AC: 21    Str: 16    XL:     19   Next: 24%
Magic:  28/51      EV: 15    Int: 41    God:
Gold:   415        SH: 13    Dex: 14    Spells: 8/45 levels left

rFire   + . .      SeeInvis .   b - staff of conjuration
rCold   . . .      Faith    .   Y - +1 kite shield {rPois}
rNeg    . . .      Spirit   .   Z - +0 swamp dragon scales
rPois   +          Reflect  .   d - +2 helmet
rElec   +          Harm     .   J - +2 cloak of Xadapy {rElec Will+}
rCorr   .          Rampage  .   F - +3 pair of gloves of Zykhysa {Will+}
Will    +++..                   c - +2 pair of boots {Stlth+}
Stlth   ++........              E - amulet of regeneration
HPRegen 1.16/turn               O - ring of Soibaf {rF+ Str+3}
MPRegen 0.32/turn               n - ring of Bocaxtak {MP+9 Str+4}

@: no status effects
A: high MP 1, forlorn, divine attributes
}: 2/15 runes: decaying, serpentine
a: no special abilities


You were on level 2 of the Elven Halls.
You visited 7 branches of the dungeon, and saw 36 of its levels.
You visited 2 bazaars.
You also visited: Ossuary and Wizlab.

You collected 3650 gold pieces.
You spent 3235 gold pieces at shops.

Inventory:

Hand Weapons
 a - the +8 dagger of the Desolation of Salt {freeze, +Blink Will+ Dex+3}
   (You found it on level 2 of the Swamp)

   It freezes those it strikes, dealing additional cold damage.
   It can also slow down cold-blooded creatures.
   Dex:       It affects your dexterity (+3).
   +Blink:    It lets you blink.
   Will:      It increases your willpower.
 u - the +10 long sword of Prudence {pain, Stlth+}
   (You found it on level 3 of the Vaults)

   In the hands of one skilled in necromantic magic, it inflicts extra damage on
   living creatures.
   Stlth:     It makes you more stealthy.
Missiles
 K - 2 curare-tipped darts
Armour
 c - a +2 pair of boots of stealth (worn)
 d - a +2 helmet (worn)
 F - the +3 pair of gloves of Zykhysa (worn) {Will+}
   (You acquired it on level 5 of the Lair of Beasts)

   Will:      It increases your willpower.
 J - the +2 cloak of Xadapy (worn) {rElec Will+}
   (You acquired it on level 2 of the Orcish Mines)

   rElec:     It insulates you from electricity.
   Will:      It increases your willpower.
 Y - a +1 kite shield of poison resistance (worn)
 Z - +0 swamp dragon scales (worn)
Magical Staves
 b - a staff of conjuration (weapon)
Jewellery
 n - the ring of Bocaxtak (right hand) {MP+9 Str+4}
   (You acquired it on level 14 of the Dungeon)

   [ring of magical power]

   Str:       It affects your strength (+4).
   MP:        It affects your magic capacity (+9).
 D - a ring of resist corrosion
 E - an amulet of regeneration (around neck)
 L - a ring of protection from fire
 O - the ring of Soibaf (left hand) {rF+ Str+3}
   (You bought it in a shop on level 2 of the Orcish Mines)

   [ring of protection from fire]

   Str:       It affects your strength (+3).
   rF:        It protects you from fire.
 U - a ring of flight
Wands
 j - a wand of iceblast (36)
 l - a wand of charming (27)
 w - a wand of digging (31)
 z - a wand of flame (71)
 A - a wand of light (3)
 B - a wand of mindburst (32)
 R - a wand of polymorph (14)
Scrolls
 e - a scroll of enchant weapon
 i - 10 scrolls of butterflies
 k - 3 scrolls of magic mapping
 p - 3 scrolls of poison
 s - 2 scrolls of summoning
 y - 8 scrolls of amnesia
 H - 7 scrolls of fear
 N - 10 scrolls of teleportation
 X - 4 scrolls of blinking
Potions
 g - 3 potions of flight
 h - 3 potions of heal wounds
 m - 5 potions of might
 o - 6 potions of invisibility
 q - 4 potions of brilliance
 r - 5 potions of lignification
 t - 4 potions of haste
 v - 6 potions of resistance
 x - 18 potions of curing
 G - a potion of magic
 Q - 4 potions of cancellation
 W - 9 potions of ambrosia
Miscellaneous
 f - a lightning rod (1/4)
 M - a tin of tremorstones (2/2)
 T - a box of beasts (inert)
 V - a phantom mirror


   Skills:
 - Level 12.0 Fighting
 + Level 0.7 Staves
 - Level 3.6 Armour
 - Level 12.0 Dodging
 - Level 1.7 Stealth
 + Level 12.8 Shields
 + Level 13.5 Spellcasting
 + Level 15.3 Conjurations
 - Level 12.0 Hexes
 - Level 3.0 Necromancy
 + Level 14.9 Fire Magic
 - Level 6.0 Evocations


You had 8 spell levels left.
You knew the following spells:

 Your Spells              Type           Power      Damage    Failure   Level
a - Foxfire               Conj/Fire      100%       2x1d9     0%          1
b - Scorch                Fire           100%       2d10      0%          2
c - Static Discharge      Conj/Air       94%        3-15/arc  1%          2
d - Fulminant Prism       Conj/Hex       59%        3d25      1%          4
i - Inner Flame           Hex/Fire       95%        N/A       1%          3
m - Iskenderun's Mystic   Conj/Tloc      94%        2d18      1%          4
s - Starburst             Conj/Fire      61%        6d16      1%          6
t - Tukima's Dance        Hex            90%        N/A       1%          3
w - Flame Wave            Conj/Fire      100%       2d21      1%          4
A - Anguish               Hex/Necr       36%        N/A       1%          4
S - Sticky Flame          Conj/Fire      100%       2d11      1%          4

Your spell library contained the following spells:

 Spells                   Type           Power      Damage    Failure   Level
 Magic Dart               Conj           100%       1d8       0%          1
 Searing Ray              Conj           100%       2d8       0%          2
 Shock                    Conj/Air       100%       1d9       1%          1
 Slow                     Hex            100%       N/A       1%          1
 Ensorcelled Hibernation  Hex/Ice        100%       N/A       1%          2
 Sublimation of Blood     Necr           51%        N/A       1%          2
 Confusing Touch          Hex            90%        N/A       1%          3
 Conjure Flame            Conj/Fire      100%       6-21      1%          3
 Dazzling Flash           Conj/Hex       100%       N/A       1%          3
 Portal Projectile        Hex/Tloc       100%       N/A       1%          3
 Hailstorm                Conj/Ice       94%        3d19      1%          4
 Vampiric Draining        Necr           51%        2d9       3%          3
 Poisonous Vapours        Pois/Air       54%        N/A       6%          2
 Wereblood                Tmut           27%        N/A       6%          2
 Silence                  Hex/Air        33%        N/A       10%         5
 Spider Form              Tmut/Pois      27%        N/A       12%         3
 Dispel Undead            Necr           51%        3d19      12%         4
 Corpse Rot               Necr/Pois/Air  35%        N/A       26%         4
 Agony                    Necr           51%        N/A       32%         5
 Ice Form                 Ice/Tmut       27%        N/A       38%         4
 Blade Hands              Tmut           13%        N/A       75%         5
 Death Channel            Necr           25%        N/A       88%         6
 Simulacrum               Ice/Necr       20%        N/A       98%         6
 Summon Cactus Giant      Summ           13%        N/A       99%         6
 Summon Hydra             Summ           13%        N/A       100%        7
 Necromutation            Tmut/Necr      20%        N/A       100%        8


Dungeon Overview and Level Annotations

Branches:
Dungeon (15/15)            Temple (0/1) D:5            Lair (5/5) D:11
  Swamp (4/4) Lair:3        Snake (4/4) Lair:3        Slime (0/5) Lair:5
    Orc (2/2) D:9             Elf (2/3) Orc:2        Vaults (4/5) D:14
  Crypt (0/3) Vaults:3     Depths (0/4) D:15        Ossuary (visited)
 WizLab (visited)

Shops:
D:3 *   D:8 *   D:9 *   Orc:1 *   Orc:2 ***[   Snake:1 [   Snake:2 [:
Snake:4 *   Vaults:1 *   Vaults:2 (   Vaults:3 *

Annotations:
D:3 2 transporters
Lair:3 exclusion: fire elemental
Vaults:1 1 runed translucent door, confidenceinterval's ghost, adept OgCj


Innate Abilities, Weirdness & Mutations

You have an increased reservoir of magic. (+10% MP)
You shall have no god before yourself.
Your divine heritage dramatically boosts your attributes as you level up.


Message History

The +2 vampiric battleaxe is lightly damaged.
The +2 vampiric battleaxe is knocked back by the mystic blast.
The mystic blast hits the +0 hand axe of distortion!
The +0 hand axe of distortion is heavily damaged.
The +0 hand axe of distortion is knocked back by the mystic blast.
You hear a shout!
Casting: Iskenderun's Mystic Blast (mildly dangerous; 1% risk of failure)
Confirm with . or Enter, or press ? or * to list all spells.
Aiming: Fulminant Prism (safe; 1% risk of failure)
Press: ? - help, Dir - move target You feel a surge of power!
You conjure a prism of explosive energy!
A fulminant prism comes into view.
Casting: Fulminant Prism (safe; 1% risk of failure)
Confirm with . or Enter, or press ? or * to list all spells.
You feel a surge of power!
Really blast near your juvenile batsting beast?
Okay, then.
Unknown command.
Unknown command.
You closely miss the +0 hand axe of distortion.
The +0 hand axe of distortion is heavily damaged.
Your juvenile batsting beast stings the +0 hand axe of distortion from afar.
Your juvenile batsting beast stings the +0 hand axe of distortion but does no damage.
You block the +0 hand axe of distortion's attack.
The +5 scimitar of protection hits you!
The +2 vampiric battleaxe hits you but does no damage.
The deep elf knight casts a spell.
The deep elf knight flickers and vanishes!
Deactivating autopickup; reactivate with Ctrl-A.
Your fulminant prism crackles loudly.
Your juvenile batsting beast misses the +0 hand axe of distortion.
The +0 hand axe of distortion hits you but does no damage.
Space warps horribly around you!!
* * * LOW HITPOINT WARNING * * *
The +5 scimitar of protection hits you!!
* * * LOW HITPOINT WARNING * * *
Your juvenile batsting beast barely misses the +0 hand axe of distortion.
The +2 vampiric battleaxe hits you!!
You die...

.........#. #......
..........##........
..........##........
...e.....#..#.......
........#....#......
.......#e.....#.....
#....{#.*.....H#....
.#...#.....((...#...
..###.....##p(...##
# ##############


You could see a deep elf knight, 3 dancing weapons, a friendly juvenile batsting
beast (summoned) and a friendly fulminant prism.

Vanquished Creatures
  A bone dragon (Vaults:3)
  A sphinx (Vaults:4)
  7 nagarajas
  A fire giant (D:14)
  A deep elf sorcerer (Elf:1)
  7 vault wardens
  5 orc warlords
  11 ironbound preservers
  3 war gargoyles
  2 very ugly things (Vaults:3)
  6 eleionomae
  A deep elf demonologist (Elf:1)
  2 bunyips
  9 ironbound thunderhulks
  3 entropy weavers
  18 dire elephants
  Snorg (Lair:4)
  A shambling mangrove (Swamp:4)
  4 great orbs of eyes
  2 boulder beetles
  2 rakshasas
  7 yaktaur captains
  5 vault guards
  A ghost crab (Swamp:4)
  2 salamander tyrants
  Harold (Lair:1)
  2 ogre magi
  2 peacekeepers
  12 two-headed ogres
  Erolcha (Orc:2)
  16 centaur warriors
  8 hydras
  5 ironbound frosthearts
  Erica (D:11)
  4 anacondas
  10 naga warriors
  2 alligators (Swamp:4)
  14 death yaks
  4 orc high priests (Orc:2)
  16 naga sharpshooters
  2 tengu warriors
  7 shock serpents
  3 deep elf knights (Elf:1)
  A hell knight (WizLab)
  5 salamander mystics
  3 goliath frogs
  2 spriggan druids
  2 glowing orange brains
  5 swamp dragons
  2 deep elf archers (Elf:1)
  4 spectral hydras (Swamp:4)
  32 deep trolls
  9 ironbound convokers
  A necromancer (D:15)
  3 bog bodies (Swamp:4)
  9 deep elf zephyrmancers (Elf:1)
  6 naga ritualists
  6 wizards
  11 lindwurms
  8 mana vipers
  5 deep elf pyromancers
  18 orc knights
  6 orc sorcerers
  2 phantasmal warriors (Swamp:4)
  13 salamanders
  24 ugly things
  A will-o-the-wisp (Swamp:3)
  10 manticores
  4 cyclopes
  3 elephants
  A centaur zombie (D:15)
  A guardian serpent (Snake:1)
  17 naga magi
  26 black mambas
  12 vault sentinels
  2 gargoyles
  Maggie (Lair:1)
  7 cane toads
  9 komodo dragons
  A centaur skeleton (D:15)
  3 unseen horrors
  3 swamp worm zombies (Swamp:4)
  A redback zombie (D:15)
  5 kobold demonologists
  A rime drake (Lair:5)
  3 freezing wraiths
  2 efreet (D:13)
  22 yaktaurs
  3 hydra zombies (Swamp:4)
  A queen bee (D:14)
  2 tengu conjurers (D:14)
  4 meliai (D:14)
  12 trolls
  5 polar bears
  7 tyrant leeches
  2 wolf spider simulacra
  Grinder (D:5)
  2 bloated husks (Swamp:4)
  14 hornets
  A raiju (shapeshifter) (D:14)
  3 alligator zombies (Swamp:4)
  6 blink frogs
  22 slime creatures
  3 spectral swamp dragons (Swamp:4)
  8 dancing weapons
  7 dream sheep (Lair:5)
  A centaur simulacrum (D:15)
  Sigmund (D:5)
  3 shadows
  23 spriggans
  3 vampires
  3 water elementals (Elf:1)
  3 air elementals (Elf:1)
  A jumping spider (Vaults:2)
  10 wraiths
  4 wyverns
  55 yaks
  A wyvern (shapeshifter) (D:15)
  10 basilisks
  A steam dragon (D:6)
  13 vampire mosquitoes
  3 redbacks (Vaults:2)
  3 wargs (Orc:2)
  30 nagas
  10 swamp worms
  5 acid dragons
  Duvessa (D:5)
  13 water moccasins
  3 swamp drakes
  Pargi (D:4)
  An ice beast (shapeshifter) (Elf:1)
  45 orc warriors
  An ice beast (D:5)
  8 black bears
  A sky beast (D:8)
  4 swamp dragon zombies (Swamp:4)
  16 boggarts
  18 wolves
  15 ogres
  7 centaurs
  7 phantoms
  8 kobold brigands
  Blork the orc (D:5)
  2 scorpions
  2 necrophages
  7 bullfrogs
  An earth elemental (Elf:1)
  5 gnoll sergeants
  9 wights
  5 water moccasin zombies (Ossuary)
  Dowan (D:5)
  36 killer bees
  9 howler monkeys
  An electric eel (Lair:3)
  2 jellies (D:6)
  5 hounds
  34 orc priests
  A gnoll bouda (D:9)
  7 iguanas
  20 orc wizards
  14 hell rats
  2 mummies (Ossuary)
  8 gnolls
  A swamp drake zombie (Swamp:4)
  5 adders
  7 river rats (Lair:4)
  A shadow imp (D:6)
  3 white imps
  4 adder zombies (Ossuary)
  3 worms
  5 dart slugs
  95 orcs
  3 ball pythons
  7 endoplasms
  4 giant cockroaches
  A goblin (D:1)
  13 hobgoblins
  7 jackals
  12 kobolds
  5 quokkas
  11 bats
  7 frilled lizards
  3 gnoll zombies (Ossuary)
  3 hobgoblin zombies (Ossuary)
  5 kobold zombies (Ossuary)
  3 orc zombies (Ossuary)
  A quokka zombie (D:4)
  11 rats
  A rat zombie (D:4)
  A bush (Lair:5)
  A fulminant prism (Swamp:4)
1355 creatures vanquished.

Vanquished Creatures (collateral kills)
  A bone dragon (Swamp:4)
  A vault warden (Vaults:3)
  3 naga sharpshooters (Snake:4)
  A deep elf zephyrmancer (Elf:2)
  A salamander (Snake:4)
  A blink frog (Lair:1)
  12 foxfires
20 creatures vanquished.

Vanquished Creatures (others)
  2 dire elephants
  A vault guard (Vaults:2)
  A deep elf pyromancer (D:15)
  An orc knight (Vaults:2)
  5 bloated husks
  7 dancing weapons
  A yak (Lair:1)
  3 orcs
  1950 foxfires
  298 fulminant prisms
  35 fungi
  66 plants
2370 creatures vanquished.

Grand Total: 3745 creatures vanquished

Notes
Turn   | Place    | Note
-------+----------+-------------------------------------------
     0 | D:1      | Mandevil the Demigod Fire Elementalist began the quest for
                  | the Orb.
     0 | D:1      | Reached XP level 1. HP: 14/14 MP: 5/5
    92 | D:1      | Reached skill level 1 in Conjurations
   480 | D:1      | Reached XP level 2. HP: 20/20 MP: 2/7
  1126 | D:1      | Reached XP level 3. HP: 18/26 MP: 5/9
  1619 | D:2      | Learned a level 2 spell: Scorch
  1815 | D:2      | Reached skill level 2 in Conjurations
  2319 | D:2      | Reached XP level 4. HP: 26/33 MP: 4/10
  2619 | D:3      | Found Reteme's General Store.
  2667 | D:3      | Found a transporter.
  2837 | D:3      | Found a transporter.
  2957 | D:3      | Learned a level 3 spell: Inner Flame
  3447 | D:4      | Noticed a necrophage
  3469 | D:4      | Killed a necrophage
  3470 | D:4      | Reached XP level 5. HP: 38/38 MP: 3/12
  3538 | D:4      | Found a sand-covered staircase.
  3552 | Ossuary  | Entered an ossuary
  3601 | Ossuary  | Learned a level 4 spell: Flame Wave
  3616 | Ossuary  | Reached skill level 3 in Conjurations
  3840 | Ossuary  | Reached skill level 1 in Fighting
  3840 | Ossuary  | Reached XP level 6. HP: 13/47 MP: 1/14
  4581 | D:4      | Reached skill level 4 in Conjurations
  4581 | D:4      | Reached XP level 7. HP: 35/52 MP: 4/16
  4583 | D:4      | Reached skill level 5 in Fire Magic
  4938 | D:4      | Noticed Pargi
  4947 | D:4      | Killed Pargi
  5322 | D:5      | Entered Level 5 of the Dungeon
  5859 | D:5      | Reached skill level 5 in Conjurations
  6111 | D:5      | Learned a level 4 spell: Sticky Flame
  6142 | D:5      | Noticed Duvessa
  6143 | D:5      | Found a staircase to the Ecumenical Temple.
  6160 | D:5      | Reached skill level 5 in Spellcasting
  6160 | D:5      | Reached XP level 8. HP: 42/59 MP: 15/19
  6165 | D:5      | Killed Duvessa
  6182 | D:5      | Noticed Dowan
  6419 | D:5      | Noticed Grinder
  6421 | D:5      | Noticed Sigmund
  6427 | D:5      | Killed Sigmund
  6429 | D:5      | Killed Grinder
  6711 | D:5      | Noticed Blork the orc
  6718 | D:5      | Killed Blork the orc
  6795 | D:5      | Reached skill level 6 in Conjurations
  6894 | D:5      | Killed Dowan
  7263 | D:6      | Reached XP level 9. HP: 64/64 MP: 17/22
  8084 | D:7      | Reached skill level 7 in Conjurations
  8760 | D:8      | Identified the +1 robe of the Will of the Gods {-Cast rC+++
                  | Regen+ Slay+2}
  9010 | D:8      | Found Jienuj's General Store.
  9058 | D:8      | Noticed a two-headed ogre
  9067 | D:8      | Killed a two-headed ogre
  9337 | D:8      | Reached XP level 10. HP: 71/71 MP: 14/25
  9800 | D:9      | Reached skill level 8 in Conjurations
 10171 | D:9      | Found a staircase to the Orcish Mines.
 10728 | D:9      | Noticed a two-headed ogre
 10735 | D:9      | Killed a two-headed ogre
 10736 | D:9      | Reached skill level 9 in Conjurations
 11130 | D:9      | Found Tauchob's Assorted Antiques.
 11135 | D:9      | Bought a scroll labelled KOYS MEFEU for 35 gold pieces
 11317 | D:10     | Entered Level 10 of the Dungeon
 12340 | D:10     | Noticed a two-headed ogre
 12348 | D:10     | Killed a two-headed ogre
 12349 | D:10     | Reached XP level 11. HP: 82/82 MP: 18/28
 12909 | D:11     | Noticed Erica
 12913 | D:11     | Killed Erica
 12914 | D:11     | Reached skill level 10 in Conjurations
 13090 | D:11     | Found a staircase to the Lair.
 13931 | D:11     | Reached skill level 10 in Spellcasting
 14564 | Lair:1   | Entered Level 1 of the Lair of Beasts
 14819 | Lair:1   | Noticed Maggie
 15086 | Lair:1   | Noticed an eight-headed hydra
 15100 | Lair:1   | Killed an eight-headed hydra
 15101 | Lair:1   | Reached skill level 5 in Dodging
 15220 | Lair:1   | Noticed Harold
 15406 | Lair:1   | Noticed Sonja
 15410 | Lair:1   | Killed Harold
 15412 | Lair:1   | Sonja changed into something unseen
 15546 | Lair:1   | Killed Sonja the unseen horror
 15547 | Lair:1   | Reached XP level 12. HP: 89/89 MP: 23/30
 15643 | Lair:1   | Killed Maggie
 16934 | Lair:2   | Reached skill level 10 in Fire Magic
 17913 | Lair:3   | Found a staircase to the Snake Pit.
 18192 | Lair:3   | Found a staircase to the Swamp.
 19181 | Lair:4   | Noticed a seven-headed hydra
 19190 | Lair:4   | Killed a seven-headed hydra
 19191 | Lair:4   | Reached skill level 1 in Armour
 19356 | Lair:4   | Noticed a four-headed hydra
 19387 | Lair:4   | Killed a four-headed hydra
 19455 | Lair:4   | Identified the +0 kite shield of Hepliaklqana's Grace
                  | {rPois}
 19545 | Lair:4   | Reached XP level 13. HP: 89/96 MP: 6/31
 19809 | Lair:4   | Noticed Nessos
 19809 | Lair:4   | Noticed Nessos
 19809 | Lair:4   | Nessos changed into Nessos the acid dragon
 19812 | Lair:4   | Killed Nessos the acid dragon
 20128 | Lair:4   | Noticed Snorg
 20137 | Lair:4   | Killed Snorg
 20458 | Lair:5   | Entered Level 5 of the Lair of Beasts
 20711 | Lair:5   | Reached skill level 5 in Fighting
 21061 | Lair:4   | Learned a level 2 spell: Static Discharge
 21405 | Lair:5   | Found a staircase to the Slime Pits.
 22066 | Lair:5   | Paralysed by a hornet for 3 turns
 22956 | Lair:5   | Reached XP level 14. HP: 76/118 MP: 21/34
 23124 | Lair:5   | Identified a scroll of acquirement
 23124 | Lair:5   | Acquired the +3 pair of gloves of Zykhysa {Will+}
 23174 | Lair:5   | Identified the +7 shortbow "Kuchirgha" {vorpal, Will+}
 23546 | Orc:1    | Entered Level 1 of the Orcish Mines
 23577 | Orc:1    | Reached skill level 1 in Shields
 23820 | Orc:1    | Found Suc Soime's General Store.
 23940 | Orc:2    | Entered Level 2 of the Orcish Mines
 25388 | Orc:2    | Found Ajuen's General Store.
 25584 | Orc:2    | Found Qegiko's General Store.
 25628 | Orc:2    | Bought a scroll of acquirement for 676 gold pieces
 25628 | Orc:2    | Acquired the +2 cloak of Xadapy {rElec Will+}
 25643 | Orc:2    | Bought the ring of Soibaf {rF+ Str+3} for 497 gold pieces
 25643 | Orc:2    | Bought a potion of heal wounds for 65 gold pieces
 25820 | Orc:2    | Reached skill level 5 in Shields
 26115 | Orc:2    | Acquired a staff of conjuration
 26494 | Orc:2    | Found a staircase to the Elven Halls.
 26545 | Orc:2    | Noticed Erolcha
 26550 | Orc:2    | Killed Erolcha
 26627 | Orc:2    | Found Nikkenix's Assorted Antiques.
 26764 | Orc:2    | Noticed an orc warlord
 26782 | Orc:2    | Killed an orc warlord
 27173 | Orc:2    | Reached skill level 11 in Conjurations
 27441 | Orc:2    | Found Bonopt's Antique Armour Emporium.
 29342 | D:13     | Reached skill level 12 in Conjurations
 30500 | D:14     | Found the +3 Mad Mage's Maulers {Infuse+∞ RegenMP Int-3}
 30529 | D:14     | Reached skill level 10 in Dodging
 30529 | D:14     | Noticed a fire giant
 30895 | D:14     | Reached XP level 15. HP: 123/124 MP: 27/36
 31153 | D:14     | Acquired the ring of Bocaxtak {MP+9 Str+4}
 31682 | D:14     | Killed a fire giant
 32172 | D:14     | Got Xuunwe's Incunable of Morbid Clouds
 32520 | D:14     | Found a gate to the Vaults.
 32568 | D:15     | Entered Level 15 of the Dungeon
 34005 | D:15     | Found a staircase to the Depths.
 34372 | Orc:1    | Bought a scroll of identify for 22 gold pieces
 34373 | Orc:1    | Bought Goly's Papyrus of Leadership and Spellbinding for
                  | 308 gold pieces
 34378 | Orc:1    | Learned a level 4 spell: Fulminant Prism
 34543 | Swamp:1  | Entered Level 1 of the Swamp
 34577 | Swamp:1  | Reached skill level 1 in Hexes
 34785 | Swamp:1  | Reached skill level 10 in Fighting
 35539 | Swamp:2  | Reached skill level 1 in Evocations
 35957 | Swamp:2  | Reached skill level 5 in Hexes
 36177 | Swamp:2  | Identified the +8 dagger of the Desolation of Salt {freeze,
                  | +Blink Will+ Dex+3}
 36802 | Swamp:3  | Reached XP level 16. HP: 135/135 MP: 37/37
 36898 | Swamp:4  | Entered Level 4 of the Swamp
 38445 | Swamp:4  | Noticed a bone dragon
 38476 | Swamp:4  | Killed a bone dragon
 38896 | Swamp:4  | Got a decaying rune of Zot
 39032 | Snake:1  | Entered Level 1 of the Snake Pit
 39038 | Snake:1  | Found Fueteciec's Armour Shoppe.
 39506 | Snake:1  | Reached skill level 5 in Evocations
 41209 | Snake:2  | Found Zymyubac's Armour Shoppe.
 41265 | Snake:2  | Found Tuixzaips's Book Emporium.
 41271 | Snake:2  | Bought a book of Spectacle for 512 gold pieces
 41278 | Snake:2  | Learned a level 6 spell: Starburst
 41283 | Snake:2  | Learned a level 4 spell: Iskenderun's Mystic Blast
 42263 | Snake:3  | Learned a level 3 spell: Tukima's Dance
 42421 | Snake:3  | Found a flickering gateway to a bazaar.
 42437 | Bazaar   | Entered a bazaar
 42437 | Bazaar   | Found Falecoschu's Armour Boutique.
 42437 | Bazaar   | Found Ufamo's Weapon Shop.
 42437 | Bazaar   | Found Miyge's Armour Shop.
 42458 | Bazaar   | Bought a +2 pair of boots of stealth for 215 gold pieces
 42973 | Snake:3  | Reached skill level 10 in Hexes
 44065 | Snake:4  | Entered Level 4 of the Snake Pit
 44069 | Snake:4  | Found Zotwuril's Assorted Antiques.
 44362 | Snake:4  | Reached XP level 17. HP: 107/146 MP: 34/38
 46227 | Snake:4  | Reached skill level 13 in Conjurations
 46796 | Snake:4  | Reached skill level 10 in Shields
 47343 | Snake:4  | Got a serpentine rune of Zot
 47747 | Lair:1   | Learned a level 4 spell: Anguish
 47899 | Vaults:1 | Entered Level 1 of the Vaults
 48194 | Vaults:1 | Reached skill level 1 in Necromancy
 49145 | Vaults:1 | Found a runed translucent door.
 49145 | Vaults:1 | Noticed confidenceinterval's ghost (adept OgCj)
 49295 | Vaults:1 | Identified the +5 ring mail "Itzi" {rPois rCorr Str+2
                  | Slay-6}
 49989 | Vaults:1 | Found Quig's Assorted Antiques.
 49997 | Vaults:1 | Bought a potion of resistance for 200 gold pieces
 49997 | Vaults:1 | Bought a scroll of teleportation for 60 gold pieces
 49997 | Vaults:1 | Bought a potion of heal wounds for 100 gold pieces
 49997 | Vaults:1 | Bought a potion of resistance for 200 gold pieces
 51128 | Vaults:2 | Reached XP level 18. HP: 140/154 MP: 13/39
 51494 | Vaults:2 | Reached skill level 14 in Conjurations
 51584 | Vaults:2 | Identified the +4 chain mail of Kycviffa {Int-5 Dex+5}
 52633 | Vaults:2 | Found Kuidd's Antique Weapon Boutique.
 53143 | Vaults:3 | Found a magical portal.
 53148 | WizLab   | Entered Yara's Duelist Academy
 53348 | Vaults:3 | Identified the +10 long sword of Prudence {pain, Stlth+}
 53495 | Vaults:3 | Found Zaumixoll's General Store.
 54749 | Vaults:3 | Found a staircase to the Crypt.
 54897 | Vaults:3 | Noticed a bone dragon
 54918 | Vaults:3 | Killed a bone dragon
 55244 | Vaults:3 | You fall into a shaft and drop 1 floor!
 55663 | Vaults:4 | Found a flickering gateway to a bazaar.
 55676 | Bazaar   | Entered a bazaar
 55683 | Bazaar   | Found Cof Orphe's Weapon Boutique.
 55690 | Bazaar   | Found Hukelura's Jewellery Emporium.
 55693 | Bazaar   | Found Okever's General Store.
 55716 | Bazaar   | Found Agavvy Ver's Armour Shop.
 55756 | Bazaar   | Bought a wand of iceblast (4) for 153 gold pieces
 55756 | Bazaar   | Bought a wand of charming (5) for 192 gold pieces
 56152 | Vaults:4 | Identified the +5 sling "Odwef" {speed, rCorr}
 56497 | Vaults:4 | Reached skill level 15 in Conjurations
 56984 | Vaults:4 | Reached XP level 19. HP: 160/160 MP: 41/41
 58129 | Elf:1    | Entered Level 1 of the Elven Halls
 58620 | Elf:1    | Paralysed by an air elemental for 1 turns
 58710 | Elf:1    | Found the +3 greatsling "Punk" {acid, rCorr}
 58910 | Elf:2    | HP: 8/160 [+5 scimitar of protection (21)]
 58910 | Elf:2    | Mangled by a +2 vampiric battleaxe

Illustrated notes

Levels and vault maps discovered:
D:1:      matt_arrival_spirals, layout_basic
D:2:      layout_loops_ring, minmay_misc_feat_five
D:3:      gammafunk_wand_slinger, layout_basic, nicolae_overflow_hidden_temple,
          serial_shops, shop, corexii_shack
D:4:      layout_cave_pools, gammafunk_temple_overflow_wave, enter_ossuary_4,
          chequers_serial_rivers_large_a, uniq_pargi
D:5:      layout_loops_corners, lemuel_round_altar, minmay_temple_entry_ruins,
          minmay_manual_moon, uniq_blork_the_orc, uniq_sigmund, uniq_grinder,
          uniq_duvessa
D:6:      layout_basic
D:7:      layout_cave_pools
D:8:      layout_cave_pools, serial_shops, nicolae_diamond_shop
D:9:      layout_loops_corners, kennysheep_orc_monster_closet_entryway,
          serial_shops, kennysheep_little_box
D:10:     layout_loops_ring
D:11:     minmay_razor_zed, layout_loops_corners, lair_entry_dummy,
          minmay_misc_feat_columns, uniq_erica
D:12:     layout_grid_maze
D:13:     layout_loops_ring
D:14:     nzn_winding_woodlands_small [nzn_winding_woodlands_5x15_pockets,
          nzn_winding_woodlands_center_garden,
          nzn_winding_woodlands_5x15_pathside_ponds], layout_gridville,
          david_vaults_5, infiniplex_staircase_pillars_1, special_room
          [special_room_bee], nicolae_ru_great_annihilating_truth
D:15:     grunt_enter_depths_magical_seal, layout_loops_corners,
          minmay_misc_feat_enclosed
Lair:1:   hellmonk_destroyed_diamonds, layout_cave_pods, lemuel_fruit_tree,
          serial_bayou_shore_b, uniq_maggie, uniq_sonja, uniq_harold
Lair:2:   layout_regular_city, beast_lair_carwin_7, infiniplex_staircase_pool_2
Lair:3:   layout_gridlike, minmay_swamp_entry_reptiles,
          minmay_snake_entry_guardpost_small
Lair:4:   layout_long_grid, kennysheep_abandoned_house,
          infiniplex_staircase_pool, grunt_megastairs_3, uniq_snorg, uniq_nessos
Lair:5:   minmay_lair_end_enchanted_forest, layout_misc_corridors,
          slime_entry_1, kennysheep_basilisk_garden
Swamp:1:  layout_basic_swamp, hangedman_swamp_blocks
Swamp:2:  layout_basic_swamp, evilmike_swamp_ruin_wall
Swamp:3:  layout_falls_marsh, nicolae_swamp_triple_paths
Swamp:4:  swamp_pestilence, layout_basic_swamp
Snake:1:  layout_onion_interference, serial_shops, shop, serial_bayou_pond_c
Snake:2:  layout_grid_maze, statue_in_the_mist_lemuel, serial_bayou_shore_b,
          minmay_shoptagon
Snake:3:  layout_onion, serial_shops, bzr_entry_islet, grunt_ministairs_9,
          nicolae_snake_magic_snake_eye
Snake:4:  snake_pit, layout_cave_town, serial_shops, shop
Orc:1:    layout_caves, serial_shops, nicolae_square_shop, basic_altar,
          nicolae_orc_rich_vein
Orc:2:    pubby_orc_utopia, uniq_erolcha
Elf:1:    nicolae_elf_arrival_aired_out, layout_gridlike, orc_legates
Elf:2:    nicolae_elf_blades_splatter_lattice [nicolae_blade_little_rooms],
          layout_loops_ring, serial_shops, nicolae_shop_hallway_plus,
          minivault_8, uniq_agnes
Vaults:1: ebering_ghost_xom, grunt_vaults_twisty, ontoclasm_vaults_fault,
          ontoclasm_vaults_idyll, layout_vaults_quadrants, serial_shops, shop
Vaults:2: nicolae_vaults_big_ls, v_misc_29, hangedman_vaults_nails,
          nicolae_vaults_network_star, v_misc_11, nicolae_vaults_ninety_degrees,
          vaults_mumra_chevron_long, nicolae_vaults_circle_grid_a, v_misc_15,
          grunt_vaults_hallway_long, v_misc_14, vaults_dpeg_spiral,
          vaults_room_grid, layout_vaults_omnibox, serial_shops, shop
Vaults:3: mu_enter_wizlab_1, v_alt_pattern_5, minmay_crypt_entry_nasty_monster,
          vaults_room_boxed, layout_vaults_chaotic_city, serial_shops,
          nicolae_shop_stone
Vaults:4: v_misc_25, hangedman_vaults_stream, ontoclasm_vaults_ring_small,
          grunt_vaults_swirl, vaults_mumra_chevron, v_misc_15,
          grunt_vaults_funnel, hangedman_vaults_corner,
          ontoclasm_vaults_gallery, layout_vaults_ring, serial_shops,
          bzr_in_the_mist

Skill      XL: |  1  2  3  4  5  6  7  8  9 10 11 12 13 14 15 16 17 18 |
---------------+-------------------------------------------------------+-----
Conjurations   | 1 2 3 4 5 6 7 9 10 12 13 15 | 15.3
Spellcasting   | 2 3 4 5 6 7 8 10 11 12 13 | 13.5
Fire Magic     | 3 4 5 7 8 9 11 12 13 14 | 14.9
Fighting       | 1 3 4 9 10 12 | 12.0
Dodging        | 6 9 10 12 | 12.0
Armour         | 2 3 |  3.6
Shields        | 6 9 11 12 | 12.8
Hexes          | 5 10 12 | 12.0
Evocations     | 2 6 |  6.0
Necromancy     | 3 |  3.0
Staves         | |  0.7
Stealth        | |  1.7

Action                   |  1- 3 |  4- 6 |  7- 9 | 10-12 | 13-15 | 16-18 | 19-21 || total
-------------------------+-------+-------+-------+-------+-------+-------+-------++-------
Melee: Dagger            |    17 |    55 |     4 |    16 |    77 |     2 |       ||   171
       Punch             |       |     2 |       |     1 |     1 |       |       ||     4
       Staff             |       |       |       |     2 |    63 |    50 |     7 ||   122
Throw: Dart              |       |       |       |       |     4 |     2 |       ||     6
 Cast: Foxfire           |    84 |    96 |   151 |   260 |   431 |   105 |       ||  1127
       Scorch            |       |    14 |    66 |   152 |   234 |   122 |     3 ||   591
       Flame Wave        |       |       |    10 |    53 |   166 |    49 |     1 ||   279
       Inner Flame       |       |       |     1 |    14 |    27 |     1 |       ||    43
       Sticky Flame      |       |       |       |    12 |    70 |    23 |     2 ||   107
       Static Discharge  |       |       |       |       |    39 |     6 |       ||    45
       Fulminant Prism   |       |       |       |       |     4 |   271 |    25 ||   300
       Starburst         |       |       |       |       |       |   181 |    24 ||   205
       Tukima's Dance    |       |       |       |       |       |    71 |       ||    71
       Iskenderun's Myst |       |       |       |       |       |    79 |    13 ||    92
       Anguish           |       |       |       |       |       |    19 |     4 ||    23
Evoke: Wand              |       |       |     1 |     2 |     6 |    14 |       ||    23
       Tin of tremorston |       |       |       |       |     1 |       |       ||     1
       Box of beasts     |       |       |       |       |       |     1 |     1 ||     2
       Phantom mirror    |       |       |       |       |       |     1 |       ||     1
       Lightning rod     |       |       |       |       |       |     7 |     3 ||    10
  Use: Scroll            |     1 |     7 |     7 |    19 |     9 |     1 |     2 ||    46
       Potion            |       |       |     2 |       |       |     3 |     6 ||    11
 Stab: Sleeping          |       |     3 |     1 |     1 |     1 |       |       ||     6
       Invisible         |       |       |       |       |     1 |       |       ||     1
       Distracted        |       |       |       |       |       |     1 |       ||     1
Armor: Robe              |    13 |    12 |    10 |     9 |       |       |       ||    44
       Troll leather arm |       |       |       |    29 |       |       |       ||    29
       Swamp dragon scal |       |       |       |    11 |   244 |   212 |    17 ||   484
       Skin              |       |       |       |       |       |    19 |       ||    19
Dodge: Dodged            |    33 |    41 |    45 |   166 |   448 |   263 |    31 ||  1027
Block: Buckler           |       |       |       |       |   184 |    83 |       ||   267
       Kite shield       |       |       |       |       |       |   220 |    34 ||   254

Table legend: (Time is in decaauts)
 A = Elapsed time spent in this place.
 B = Non-inter-level travel time spent in this place.
 C = Inter-level travel time spent in this place.
 D = Time resting spent in this place.
 E = Time spent auto-exploring this place.
 F = Levels seen in this place.
 G = Mean time per level.
                   A        B        C        D        E       F      G
               +--------+--------+--------+--------+--------+-----+--------+
         Total |  59293 |  56723 |   2570 |  20777 |  24222 |  40 | 1482.3 |
       Dungeon |  21970 |  20689 |   1281 |   6343 |  10462 |  15 | 1464.7 |
          Lair |   8869 |   8510 |    359 |   3164 |   3650 |   5 | 1773.8 |
         Swamp |   4635 |   4397 |    238 |   1705 |   1623 |   4 | 1158.8 |
     Snake Pit |   8616 |   8367 |    249 |   2968 |   3601 |   4 | 2154.0 |
  Orcish Mines |   3993 |   3822 |    171 |   1369 |   1448 |   2 | 1996.5 |
   Elven Halls |    782 |    782 |      0 |    283 |    263 |   2 |  391.0 |
        Vaults |   9256 |   8988 |    268 |   4212 |   3174 |   4 | 2314.0 |
        Bazaar |    135 |    135 |      0 |      0 |      0 |   2 |   67.5 |
       Ossuary |    980 |    980 |      0 |    727 |      0 |   1 |  980.0 |
        Wizlab |     53 |     53 |      0 |      6 |      0 |   1 |   53.0 |
               +--------+--------+--------+--------+--------+-----+--------+

Top non-repeatable levels by time:
   Orc:2: 3447 daAuts
    D:14: 2826 daAuts
 Snake:4: 2712 daAuts
 Snake:3: 2698 daAuts
    D:11: 2455 daAuts
Vaults:3: 2433 daAuts
Vaults:1: 2356 daAuts
  Lair:4: 2287 daAuts
Vaults:4: 2244 daAuts
Vaults:2: 2223 daAuts
     D:9: 2158 daAuts
  Lair:5: 1852 daAuts
 Swamp:4: 1801 daAuts
  Lair:3: 1771 daAuts
    D:13: 1748 daAuts
